 Dungeon Sprint DCSS version 0.23-a0-516-g0f8c245 (webtiles) character file.

1211 JosiahThimblerig the Cleaver (level 8, -2/82 HPs)
             Began as a Hill Orc Fighter on Dec 5, 2018.
             Was a Follower of Vehumet.
             Slain by a demonic crawler (4 damage)
             ... in the Dungeon (Sprint I: "Red Sonja").
             The game lasted 00:08:49 (670 turns).

JosiahThimblerig the Cleaver (Hill Orc Fighter)      Turns: 670, Time: 00:08:50

Health: -2/82      AC:  7    Str: 24    XL:     8   Next: 46%
Magic:  7/8        EV: 11    Int:  9    God:    Vehumet [*.....]
Gold:   154        SH: 12    Dex: 11    Spells: 6/7 levels left

rFire    . . .     SeeInvis .   a - +0 war axe
rCold    . . .     Gourm    .   c - +0 shield
rNeg     . . .     Faith    .   o - +0 ring mail
rPois    .         Spirit   .   (no helmet)
rElec    .         Reflect  .   (no cloak)
rCorr    .         Harm     .   (no gloves)
MR       .....     NoTele   +   (no boots)
Stlth    +.........             (no amulet)
HPRegen  0.23/turn              (no ring)
MPRegen  0.11/turn              (no ring)

@: mighty, very slightly contaminated
A: no striking features
a: Renounce Religion


You were in the Dungeon.
You worshipped Vehumet.
Vehumet was aware of your devotion.
You were not hungry.

You visited 1 branch You collected 351 gold pieces.
You spent 197 gold pieces at shops.

Inventory:

Hand Weapons
 a - a +0 war axe (weapon)
 g - a +0 scythe
 n - a +0 club
 p - a +0 giant spiked club
 u - a +0 dagger
Armour
 b - a +0 scale mail
 c - a +0 shield (worn)
 h - a +0 robe
 j - a +0 robe
 o - a +0 ring mail (worn)
 v - a +0 robe
Jewellery
 q - an uncursed amulet of harm {unknown}
Scrolls
 k - a scroll of blinking
 m - a scroll of fear
 r - 2 scrolls of identify
 s - a scroll of remove curse
 t - a scroll of enchant armour
Potions
 e - a potion of curing
 i - 2 potions of magic
 l - a potion of agility {unknown}
Comestibles
 f - 2 rations


   Skills:
 + Level 11.1 Fighting
 + Level 13.4 Axes
 + Level 9.1 Armour
 + Level 3.1 Dodging
 + Level 1.5 Stealth
 + Level 9.3 Shields


You had 6 spell levels left.
You knew the following spells:

 Your Spells              Type           Power        Failure   Level  Hunger
a - Sting                 Conj/Pois      #...         77%         1    ##.....
Your spell library was empty.

Dungeon Overview and Level Annotations

Branches:
Dungeon (1/1)

Altars:
Cheibriados
Dithmenos
Elyvilon
Fedhas
Gozag
Hepliaklqana
Kikubaaqudgha
Makhleb
Nemelex Xobeh
Okawaru
Qazlal
Ru
Sif Muna
Trog
Uskayaw
Vehumet
Wu Jian
Xom
Yredelemnul
Zin
The Shining One
Jiyva
Lugonu

Shops:
D ?


Message History

The demonic crawler closely misses you. The demonic crawler hits you.
You block the demonic crawler's attack. The demonic crawler barely misses you.
The demonic crawler hits you.
You block the demonic crawler's attack. x2
The demonic crawler barely misses you.
There is an open door here.
You block the demonic crawler's attack. The demonic crawler hits you!
* * * LOW HITPOINT WARNING * * *
The demonic crawler barely misses you.
Unknown command.
You block the demonic crawler's attack. x2
The demonic crawler closely misses you. The demonic crawler hits you!
* * * LOW HITPOINT WARNING * * *
The demonic crawler hits you but does no damage.
The demonic crawler hits you.
* * * LOW HITPOINT WARNING * * *
The demonic crawler hits you!
* * * LOW HITPOINT WARNING * * *
The demonic crawler misses you. The demonic crawler hits you.
You die...

######################
..'÷.#..'..#__#.@ss..#
÷.#..'..#..)..'.s#s..##+#
####+#####'#__####...'..#
## #...#.#### #####..+
__####..##.# ##
_____##'#_.+ _.∩...'..._#
_..__##_.#+# _____###+#


You could see 4 demonic crawlers.

Vanquished Creatures
  2 kobold demonologists (D)
  A slime creature (D)
  Sigmund (D)
  A yak (D)
  A floating eye (D)
  An ogre (D)
  A jelly (D)
  Ijyb (D)
9 creatures vanquished.

Notes
Turn   | Place    | Note
-------+----------+-------------------------------------------
     0 | D        | JosiahThimblerig the Hill Orc Fighter began the quest for
                  | the Orb.
     0 | D        | Reached XP level 1. HP: 19/19 MP: 1/1
     1 | D        | Noticed Ijyb
     7 | D        | Killed Ijyb
     7 | D        | Reached skill level 5 in Fighting
     7 | D        | Reached skill level 3 in Axes
     7 | D        | Reached XP level 2. HP: 29/29 MP: 2/2
     7 | D        | Reached XP level 3. HP: 36/36 MP: 3/3
    25 | D        | Noticed an ogre
    33 | D        | Killed an ogre
    33 | D        | Reached skill level 5 in Axes
    33 | D        | Reached XP level 4. HP: 30/45 MP: 4/4
    40 | D        | Noticed Sigmund
    56 | D        | Killed Sigmund
    56 | D        | Reached skill level 7 in Axes
    56 | D        | Reached skill level 1 in Dodging
    56 | D        | Reached XP level 5. HP: 34/55 MP: 5/5
    56 | D        | Reached XP level 6. HP: 38/62 MP: 6/6
   192 | D        | Found a deep blue altar of Sif Muna.
   193 | D        | Found an ornate altar of the Wu Jian Council.
   194 | D        | Found a radiant altar of Vehumet.
   199 | D        | Reached skill level 8 in Axes
   207 | D        | Became a worshipper of Vehumet
   293 | D        | Found Killiug's Magic Scroll Emporium.
   293 | D        | Found an ancient bone altar of Kikubaaqudgha.
   293 | D        | Found a hazy altar of Hepliaklqana.
   293 | D        | Found a hide-covered altar of Uskayaw.
   293 | D        | Found a basalt altar of Yredelemnul.
   293 | D        | Found an opulent altar of Gozag.
   293 | D        | Found a snail-covered altar of Cheibriados.
   293 | D        | Found a sacrificial altar of Ru.
   293 | D        | Found a shadowy altar of Dithmenos.
   293 | D        | Noticed a yak
   298 | D        | Killed a yak
   298 | D        | Reached skill level 9 in Axes
   298 | D        | Reached XP level 7. HP: 55/70 MP: 7/7
   299 | D        | Found a stormy altar of Qazlal.
   299 | D        | Found a blossoming altar of Fedhas.
   299 | D        | Found a bloodstained altar of Trog.
   299 | D        | Found an iron altar of Okawaru.
   299 | D        | Found a glowing golden altar of the Shining One.
   299 | D        | Found a glowing silver altar of Zin.
   299 | D        | Found a white marble altar of Elyvilon.
   300 | D        | Found a sparkling altar of Nemelex Xobeh.
   304 | D        | Bought a scroll of fear for 38 gold pieces
   304 | D        | Bought a scroll of identify for 22 gold pieces
   304 | D        | Bought a scroll of identify for 22 gold pieces
   304 | D        | Bought a scroll of remove curse for 33 gold pieces
   304 | D        | Bought a scroll of enchant armour for 82 gold pieces
   317 | D        | Found a burning altar of Makhleb.
   317 | D        | Found a viscous altar of Jiyva.
   317 | D        | Found a shimmering altar of Xom.
   317 | D        | Found a corrupted altar of Lugonu.
   317 | D        | Noticed a slime creature
   330 | D        | Killed a slime creature
   330 | D        | Reached skill level 10 in Fighting
   330 | D        | Reached skill level 10 in Axes
   467 | D        | Noticed a kobold demonologist
   470 | D        | Noticed a kobold demonologist
   474 | D        | Reached * piety under Vehumet
   474 | D        | Offered knowledge of Sting by Vehumet.
   474 | D        | Reached skill level 11 in Axes
   480 | D        | Noticed an orange demon
   482 | D        | Killed a kobold demonologist
   482 | D        | Reached skill level 12 in Axes
   482 | D        | Reached skill level 1 in Stealth
   482 | D        | Reached XP level 8. HP: 81/81 MP: 8/8
   486 | D        | Noticed an ice devil
   495 | D        | Noticed a red devil
   500 | D        | Killed a kobold demonologist
   500 | D        | Reached skill level 13 in Axes
   572 | D        | Learned a level 1 spell: Sting
   658 | D        | Noticed a demonic crawler
   658 | D        | Noticed a demonic crawler
   658 | D        | Noticed a demonic crawler
   658 | D        | Noticed a demonic crawler
   670 | D        | HP: 2/82 [demonic crawler (9)]
   670 | D        | Slain by a demonic crawler

Vault maps used:
D:        dungeon_sprint_1

Skill      XL: |  1  2  3  4  5  6  7  8 |
---------------+-------------------------+-----
Fighting       | 5 6 8 9 10 11 | 11.1
Axes           | 3 5 7 9 12 13 | 13.4
Armour         | 4 6 7 8 9 |  9.1
Shields        | 4 6 7 8 9 |  9.3
Dodging        | 1 2 3 |  3.1
Stealth        | 1 |  1.5

Action                   |  1- 3 |  4- 6 |  7- 9 || total
-------------------------+-------+-------+-------++-------
Melee: War axe           |    13 |    22 |    34 ||    69
  Use: Potion            |       |     2 |     2 ||     4
Armor: Scale mail        |     1 |       |       ||     1
       Ring mail         |       |     4 |    18 ||    22
Dodge: Dodged            |     5 |     1 |    19 ||    25
Block: Shield            |     3 |     4 |    38 ||    45

Table legend:
 A = Non-vault XP
 B = Vault XP
 C = Vault XP percentage of total XP
 D = Non-vault monster count
 E = Vault monster count
 F = Vault count percentage of total count
                 A         B        C        D         E       F
            +---------+---------+-------+---------+---------+-------
      Total |       0 |    1731 | 100.0 |       0 |       9 | 100.0
            +---------+---------+-------+---------+---------+-------
          D |       0 |    1731 | 100.0 |       0 |       9 | 100.0
            +---------+---------+-------+---------+---------+-------
